 Dungeon Crawl Stone Soup version 0.28.0-1-gb440e238dd (webtiles) character file.

Game seed: 10918052301717851190

120 issech the Cudgeller (level 4, -2/45 HPs)
             Began as a Troll Monk on Feb 25, 2022.
             Slain by an orc (5 damage)
             ... on level 3 of the Dungeon.
             The game lasted 00:06:10 (1850 turns).

issech the Cudgeller (Troll Monk)                   Turns: 1850, Time: 00:06:11

Health: -2/45      AC:  4    Str: 19    XL:     4   Next: 75%
Magic:  3/3        EV: 10    Int:  6    God:
Gold:   113        SH:  0    Dex: 14    Spells: 3/3 levels left

rFire   . . .      SeeInvis .   a - +0 mace
rCold   . . .      Faith    .   (no shield)
rNeg    . . .      Spirit   .   b - +0 robe
rPois   .          Reflect  .   (helmet restricted)
rElec   .          Harm     .   (no cloak)
rCorr   .          Rampage  .   (gloves unavailable)
Will    .....                   (boots unavailable)
Stlth   ++........              (no amulet)
HPRegen 0.95/turn               (no ring)
MPRegen 0.08/turn               (no ring)

@: no status effects
A: large, unfitting armour, claws 3, regeneration 1, shaggy fur 1, tough skin 1
a: no special abilities


You were on level 3 of the Dungeon.
You visited 1 branch of the dungeon, and saw 4 of its levels.

You collected 113 gold pieces.

Inventory:

Hand Weapons
 a - a +0 mace (weapon)
 j - a +0 hunting sling
 l - a +0 dagger of venom
 q - a +0 whip
Missiles
 c - 110 stones (quivered)
 h - 32 arrows
 p - 11 poisoned darts
Armour
 b - a +0 robe (worn)
 i - an orb of guile
Scrolls
 f - a scroll of fog {unknown}
 g - a scroll of noise {unknown}
 k - 2 scrolls of identify {unknown}
 m - 2 scrolls of teleportation {unknown}
 n - a scroll of summoning {unknown}
 o - a scroll of brand weapon {unknown}
Potions
 d - 2 potions of curing {unknown}
 e - a potion of attraction {unknown}


   Skills:
 + Level 3.0 Fighting
 + Level 3.8 Maces & Flails
 + Level 3.2 Dodging
 + Level 1.1 Stealth


You had 3 spell levels left.
You didn't know any spells.
Your spell library contained the following spells:

 Spells                   Type           Power      Damage    Failure   Level
 Ensorcelled Hibernation  Hex/Ice        0%         N/A       58%         2
 Passwall                 Tmut/Erth      0%         N/A       58%         2
 Swiftness                Air            0%         N/A       83%         3


Dungeon Overview and Level Annotations

Branches:
Dungeon (4/15)
 Temple: D:4-7

Altars:


Innate Abilities, Weirdness & Mutations

You are too large for most types of armour.
You have claws for hands.
Your natural rate of healing is unusually fast.
You are covered in fur. (AC +1)
You have tough skin. (AC +1)


Message History

The orc priest is heavily wounded.
The orc priest closely misses you. The orc hits you with a +0 mace.
You barely miss the orc priest.
The orc priest is heavily wounded.
The orc closely misses you. The orc priest hits you with a +0 club.
You closely miss the orc priest.
The orc priest is heavily wounded.
The orc closely misses you. x2
The orc priest hits you but does no damage.
You closely miss the orc priest.
The orc priest is heavily wounded.
The orc hits you with a +0 mace. The orc barely misses you.
The orc priest calls down the wrath of Beogh upon you.
Pain shoots through your body!
* * * LOW HITPOINT WARNING * * *
The orc barely misses you.
You hit the orc priest.
The orc priest is severely wounded.
The orc barely misses you.
The orc priest hits you but does no damage.
The orc hits you but does no damage.
You hit the orc priest.
The orc priest is severely wounded.
The orc barely misses you. The orc priest hits you with a +0 club.
* * * LOW HITPOINT WARNING * * *
The orc closely misses you.
You hit the orc priest but do no damage.
The orc priest is severely wounded.
The orc hits you with a +0 short sword.
* * * LOW HITPOINT WARNING * * *
The orc priest looks braver for a moment.
The orc barely misses you. The orc closely misses you.
The orc priest hits you with a +0 club.
* * * LOW HITPOINT WARNING * * *
You sock the orc priest!
You kill the orc priest!
The orc hits you with a +0 mace.
* * * LOW HITPOINT WARNING * * *
The orc hits you with a +0 short sword.
You die...

...##.# ..........#
#.# ...##.#
########'######.#
.####.#
#...............#
.## #.#
#.........#######
..# #.# #.........#
..###.# #.........#
...##.#
#.........#######
.#.##.#
#.........'.....#
.#.##.#
#....)@o..#####.#.
.#..#.#
######o#..........
.##.#.#
#.#.######.##
.##.#.# #.#.#
.##.#.# #.#.#
.##...# #.#.#
####..##########.#.#
.....>........##.#.#
###...........# #.#


You could see 2 orcs.

Vanquished Creatures
  A hound (D:3)
  An orc priest (D:3)
  An iguana (D:3)
  A gnoll (D:1)
  An adder (D:2)
  A worm (D:2)
  A dart slug (D:3)
  5 goblins
  5 hobgoblins
  3 quokkas
  7 ball pythons
  5 bats
  5 frilled lizards
  3 kobolds
  5 rats
45 creatures vanquished.

Notes
Turn   | Place    | Note
-------+----------+-------------------------------------------
     0 | D:1      | issech the Troll Monk began the quest for the Orb.
     0 | D:1      | Reached XP level 1. HP: 22/22 MP: 0/0
   129 | D:1      | Reached XP level 2. HP: 17/29 MP: 1/1
   720 | D:2      | Reached XP level 3. HP: 36/36 MP: 2/2
  1254 | D:2      | You fall into a shaft and drop 2 floors!
  1358 | D:3      | Reached XP level 4. HP: 37/44 MP: 3/3
  1850 | D:3      | Slain by an orc

Illustrated notes

Levels and vault maps discovered:
D:1:      tarquinn_simple_flora_water_d, layout_basic
D:2:      layout_basic
D:3:      layout_basic, guppyfry_early_lair_pool
D:4:      layout_rooms, mainiacjoe_overflow_boulevard, uniq_edmund

Skill      XL: |  1  2  3  4 |
---------------+-------------+-----
Maces & Flails | 3 |  3.8
Dodging        | 3 |  3.2
Fighting       | 3 |  3.0
Stealth        | |  1.1

Action                   |  1- 3 |  4- 6 || total
-------------------------+-------+-------++-------
Melee: Mace              |    92 |    47 ||   139
       Punch             |     1 |       ||     1
Armor: Robe              |    54 |    12 ||    66
Dodge: Dodged            |    83 |    34 ||   117
